[Event "Titled Tuesday Blitz April 4 Late 2023"]
[White "Aung Thant Zin"]
[Black "Omelja, Artem"]
[WhiteFideId "13000063"]
[BlackFideId "14119846"]
[WhiteElo "2278"]
[BlackElo "2404"]
[Result "0-1"]
[Round "01"]
[TimeControl "180+2"]
[Date "2023.04.04"]
[WhiteClock "0:00:02"]
[BlackClock "0:01:24"]

1. e4 c5 2. Nf3 Nc6 3. Bb5 e6 4. O-O Nge7 5. b3 a6 6. Bxc6 Nxc6 7. Bb2 Qc7 8. d4 cxd4 9. Nxd4 e5 10. Nf3 Bb4 11. a3 Bd6 12. c4 O-O 13. Nc3 Ne7 14. Qd3 Bc5 15. b4 Ba7 16. Rfd1 d6 17. Qxd6 Qxd6 18. Rxd6 f6 19. h3 Bb8 20. Rd2 Be6 21. Nd5 Nc6 22. Nb6 Ra7 23. c5 Bc7 24. Nd5 Bd8 25. Rad1 Ra8 26. Ne3 Be7 27. Nd5 Bd8 28. Bc3 Na7 29. a4 Nc6 30. b5 Ne7 31. Bb4 axb5 32. axb5 Ra4 33. Rb1 Re8 34. c6 bxc6 35. Nxe7+ Bxe7 36. Bxe7 Rxe7 37. bxc6 Rc7 38. Rc1 Kf7 39. Ne1 Ra6 40. Rdc2 f5 41. f3 fxe4 42. fxe4 Ra4 43. Nd3 Rxe4 44. Nc5 Rd4 45. Na6 Rc8 46. c7 Rd6 47. Nb8 e4 48. Kf2 Rd3 0-1


[Site "https://www.chess.com"]

[Event "Titled Tuesday Blitz April 4 Late 2023"]
[White "Mortazavi, Ali"]
[Black "Steenbekkers, Franck"]
[WhiteFideId "401323"]
[BlackFideId "1004220"]
[WhiteElo "2339"]
[BlackElo "1937"]
[Result "1-0"]
[Round "01"]
[TimeControl "180+2"]
[Date "2023.04.04"]
[WhiteClock "0:01:45"]
[BlackClock "0:01:21"]

1. e4 c5 2. Nc3 Nc6 3. f4 g6 4. Nf3 Bg7 5. a4 e6 6. e5 d6 7. Bb5 dxe5 8. Bxc6+ bxc6 9. fxe5 Qc7 10. Qe2 Ne7 11. d3 O-O 12. O-O Nd5 13. Ne4 Qa5 14. c4 Nb4 15. Bg5 Ba6 16. Nf6+ Kh8 17. Qe4 Rad8 18. Qh4 h5 19. g4 Rd4 20. Nxd4 1-0


[Site "https://www.chess.com"]

[Event "Titled Tuesday Blitz April 4 Late 2023"]
[White "tandercat"]
[Black "Mostbauer, Florian"]
[BlackFideId "1626671"]
[WhiteElo "1922"]
[BlackElo "2234"]
[Result "1-0"]
[Round "01"]
[TimeControl "180+2"]
[Date "2023.04.04"]
[WhiteClock "0:00:21"]
[BlackClock "0:00:35"]

1. d4 d5 2. c4 c6 3. cxd5 cxd5 4. Nc3 Nc6 5. Bf4 e5 6. Bxe5 Nxe5 7. dxe5 d4 8. Ne4 Bb4+ 9. Nd2 Ne7 10. Nf3 Nc6 11. g3 Bg4 12. Bg2 Bxf3 13. Bxf3 Qa5 14. a3 Bxd2+ 15. Qxd2 Qxd2+ 16. Kxd2 Nxe5 17. Bg2 O-O-O 18. Rhc1+ Kb8 19. Rc5 Rhe8 20. Rac1 Ng4 21. Rc7 Nxf2 22. Rxb7+ Ka8 23. Rcc7 Ne4+ 24. Ke1 f5 25. Rxa7+ Kb8 26. Rcb7+ Kc8 27. Rxg7 d3 28. Ra8# 1-0


[Site "https://www.chess.com"]

[Event "Titled Tuesday Blitz April 4 Late 2023"]
[White "Zhang, Derek"]
[Black "Vargas, Mauricio"]
[WhiteFideId "2087871"]
[BlackFideId "4404572"]
[WhiteElo "2087"]
[BlackElo "1998"]
[Result "1-0"]
[Round "01"]
[TimeControl "180+2"]
[Date "2023.04.04"]
[WhiteClock "0:01:24"]
[BlackClock "0:00:04"]

1. f4 e5 2. fxe5 d6 3. exd6 Bxd6 4. Nf3 Bg4 5. e4 Nf6 6. Nc3 Nc6 7. Bb5 Qd7 8. d4 Bb4 9. O-O O-O 10. d5 Qe7 11. dxc6 Qc5+ 12. Qd4 Qe7 13. Kh1 bxc6 14. Bxc6 Rad8 15. Qc4 Be6 16. Qe2 Qc5 17. Bd5 Bg4 18. Bg5 c6 19. Bxf6 gxf6 20. Bb3 Bxc3 21. bxc3 Qxc3 22. Qf2 Kh8 23. Nh4 1-0


[Site "https://www.chess.com"]

[Event "Titled Tuesday Blitz April 4 Late 2023"]
[White "Burke, Paul"]
[Black "Defend1r"]
[WhiteFideId "2605767"]
[WhiteElo "1853"]
[BlackElo "2539"]
[Result "0-1"]
[Round "01"]
[TimeControl "180+2"]
[Date "2023.04.04"]
[WhiteClock "0:00:46"]
[BlackClock "0:01:03"]

1. e4 c5 2. Nf3 d6 3. d4 cxd4 4. c3 dxc3 5. Nxc3 Nf6 6. Bc4 e6 7. O-O Be7 8. Qe2 O-O 9. Rd1 Nbd7 10. Bf4 e5 11. Bg5 Qa5 12. Bxf6 Nxf6 13. h3 Be6 14. Nd5 Nxd5 15. exd5 Bf5 16. a3 Bf6 17. Nd2 Qb6 18. Ne4 Be7 19. Ng3 Bg6 20. h4 Bxh4 21. Qg4 Bxg3 22. Qxg3 Qxb2 0-1


[Site "https://www.chess.com"]

[Event "Titled Tuesday Blitz April 4 Late 2023"]
[White "Naroditsky, Daniel"]
[Black "Ezat, Mohamed"]
[WhiteFideId "2026961"]
[BlackFideId "10600906"]
[WhiteElo "2633"]
[BlackElo "2386"]
[Result "1-0"]
[Round "02"]
[TimeControl "180+2"]
[Date "2023.04.04"]
[WhiteClock "0:01:05"]
[BlackClock "0:00:37"]

1. d4 Nf6 2. Nc3 d5 3. Bf4 c5 4. e4 cxd4 5. Qxd4 Nc6 6. Bb5 Bd7 7. Bxc6 Bxc6 8. e5 Ne4 9. e6 fxe6 10. Nge2 Qb6 11. Nxe4 dxe4 12. O-O-O Qxd4 13. Nxd4 Bd7 14. Rhe1 g6 15. Rxe4 Bg7 16. Nxe6 Bxe6 17. Rxe6 Kf7 18. Re3 Rhd8 19. Rxd8 Rxd8 20. c3 Rd5 21. Kc2 Bf6 22. Rd3 Rxd3 23. Kxd3 Ke6 24. Ke4 a6 25. Be3 b5 26. Bd4 Bg5 27. f4 Bh6 28. b3 Bf8 29. c4 bxc4 30. bxc4 Kd6 31. f5 gxf5+ 32. Kxf5 e6+ 33. Ke4 Be7 34. Be3 Bf6 35. g3 h5 36. h3 Kc6 37. g4 hxg4 38. hxg4 Kd6 39. g5 Bg7 40. g6 Bf6 41. Bh6 Ke7 42. Bf4 Kf8 43. c5 Kg7 44. c6 Bd8 45. c7 Bxc7 46. Bxc7 Kxg6 47. Kd4 Kf6 48. Kc5 e5 49. Kb6 e4 50. Kxa6 Ke6 51. Kb7 e3 52. a4 e2 53. Bg3 1-0


[Site "https://www.chess.com"]

[Event "Titled Tuesday Blitz April 4 Late 2023"]
[White "tuschessCM1"]
[Black "Dubov, Daniil"]
[BlackFideId "24126055"]
[WhiteElo "2680"]
[BlackElo "2802"]
[Result "1-0"]
[Round "02"]
[TimeControl "180+2"]
[Date "2023.04.04"]
[WhiteClock "0:00:15"]
[BlackClock "0:00:14"]

1. c4 b6 2. Nf3 Bb7 3. e3 Nf6 4. Nc3 e6 5. g3 Na6 6. Bg2 Nb4 7. d3 Be7 8. O-O a5 9. Qe2 O-O 10. Rd1 d5 11. cxd5 exd5 12. e4 Re8 13. a3 Na6 14. e5 Nd7 15. d4 Nf8 16. Be3 c6 17. Ne1 Nc7 18. f4 c5 19. Nf3 Nfe6 20. Qf2 f5 21. exf6 Bxf6 22. f5 cxd4 23. Nxd4 Nc5 24. Bf4 Kh8 25. Rd2 Ne4 26. Nxe4 dxe4 27. Ne6 Nxe6 28. Rxd8 Nxd8 29. Qxb6 Ra6 30. Qb5 Re7 31. Rd1 Nf7 32. Bf1 h6 33. Bc4 Kh7 34. Bxf7 Rxf7 35. Qe8 Re7 36. Qg6+ Kg8 37. Rd8+ Re8 38. Rxe8# 1-0


[Site "https://www.chess.com"]

[Event "Titled Tuesday Blitz April 4 Late 2023"]
[White "Andreikin, Dmitry"]
[Black "Rodshtein, Maxim"]
[WhiteFideId "4158814"]
[BlackFideId "2806851"]
[WhiteElo "2736"]
[BlackElo "2555"]
[Result "0-1"]
[Round "02"]
[TimeControl "180+2"]
[Date "2023.04.04"]
[WhiteClock "0:00:06"]
[BlackClock "0:00:05"]

1. Nf3 d5 2. d4 Nf6 3. c4 c6 4. Qc2 dxc4 5. e4 b5 6. b3 cxb3 7. axb3 e6 8. Bd3 Bb7 9. O-O Be7 10. Bd2 a5 11. Rd1 h6 12. Nc3 Na6 13. Qb2 Nb4 14. Bb1 Qb6 15. Qc1 Rc8 16. h3 c5 17. d5 exd5 18. exd5 Nbxd5 19. Nxd5 Bxd5 20. Bf5 Ra8 21. Ne5 Qb7 22. Bf4 Rd8 23. Rxa5 Bxg2 24. Rxd8+ Bxd8 25. Qxc5 Bxa5 26. Bd3 Bxh3 27. Bxb5+ Nd7 28. Bc6 Qb4 29. Nxd7 Qxc5 30. Nxc5+ Ke7 31. Kh2 Rc8 32. Nb7 Bc7 33. Kxh3 Bxf4 34. Bd5 Bd6 35. Na5 Rc3+ 36. Kg2 Kf6 37. Nc4 Bc5 38. Nd2 Rc2 39. Ne4+ Ke5 40. Bxf7 Bd4 41. Bg6 Rb2 42. Kg3 Rxb3+ 43. Kg4 Rb2 44. f4+ Ke6 45. Bf5+ Ke7 46. Bg6 Rb4 47. Kf5 Bf6 48. Ng3 Rb5+ 49. Kg4 Ke6 50. Nh5 Rb4 51. Ng3 Be5 52. Nh5 Ke7 53. Kf5 Bd6 54. Kg4 Bc7 55. Kf5 Rb5+ 56. Kg4 Rb6 57. Kf5 Kf8 58. Ng3 Rf6+ 0-1


[Site "https://www.chess.com"]

[Event "Titled Tuesday Blitz April 4 Late 2023"]
[White "Di Nicolantonio, Lucas"]
[Black "Erigaisi Arjun"]
[WhiteFideId "680460"]
[BlackFideId "35009192"]
[WhiteElo "2358"]
[BlackElo "2737"]
[Result "0-1"]
[Round "02"]
[TimeControl "180+2"]
[Date "2023.04.04"]
[WhiteClock "0:00:59"]
[BlackClock "0:02:17"]

1. Nf3 d6 2. e4 g6 3. d4 Bg7 4. Be3 Nc6 5. Qd2 Bg4 6. Nc3 Bxf3 7. gxf3 e5 8. d5 Nd4 9. O-O-O Nxf3 10. Bb5+ Kf8 11. Qd3 a6 12. Ba4 h5 13. Kb1 Qh4 14. Ne2 Nf6 15. Ng3 Ng4 16. Bc1 Nfxh2 17. Qe2 Qf6 18. f3 Qxf3 19. Rxh2 Nxh2 20. Qxh2 Qxd1 21. Qf2 h4 22. Nf1 Qd4 0-1


[Site "https://www.chess.com"]

[Event "Titled Tuesday Blitz April 4 Late 2023"]
[White "Paravyan, David"]
[Black "Barbosa, Evandro Amorim"]
[WhiteFideId "4194985"]
[BlackFideId "2115824"]
[WhiteElo "2563"]
[BlackElo "2439"]
[Result "0-1"]
[Round "02"]
[TimeControl "180+2"]
[Date "2023.04.04"]
[WhiteClock "0:00:05"]
[BlackClock "0:00:47"]

1. d4 Nf6 2. c4 g6 3. f3 d5 4. cxd5 Nxd5 5. e4 Nb6 6. Nc3 Bg7 7. Be3 O-O 8. Qd2 e5 9. d5 c6 10. h4 h5 11. g4 cxd5 12. exd5 Na6 13. gxh5 Bf5 14. hxg6 Nb4 15. Rc1 Rc8 16. h5 N6xd5 17. h6 Nxe3 18. Qxe3 Bf6 19. g7 Re8 20. Nh3 e4 21. Kf2 Bd4 22. Bb5 Bxe3+ 23. Kxe3 exf3+ 24. Bxe8 Qd3+ 25. Kf2 Rxe8 26. Rhd1 Qc4 27. Kg3 Qg4+ 28. Kf2 Qg2# 0-1


[Site "https://www.chess.com"]

[Event "Titled Tuesday Blitz April 4 Late 2023"]
[White "Baglan, Esat"]
[Black "Duda, Jan-Krzysztof"]
[WhiteFideId "6309216"]
[BlackFideId "1170546"]
[WhiteElo "2231"]
[BlackElo "2790"]
[Result "0-1"]
[Round "02"]
[TimeControl "180+2"]
[Date "2023.04.04"]
[WhiteClock "0:00:54"]
[BlackClock "0:02:03"]

1. Nf3 d5 2. g3 c5 3. Bg2 g6 4. O-O Bg7 5. c4 d4 6. e3 Nc6 7. exd4 cxd4 8. d3 Nf6 9. a3 a5 10. Re1 Nd7 11. Bf4 O-O 12. h4 e5 13. Bg5 f6 14. Bc1 Nc5 15. Qe2 Bf5 16. Rd1 a4 17. Ne1 Qd7 18. Nd2 Bg4 19. Bf3 Bxf3 20. Nexf3 f5 21. h5 Rae8 22. hxg6 hxg6 23. Nh4 g5 24. Ng2 e4 25. dxe4 fxe4 26. Nf1 Ne5 0-1


[Site "https://www.chess.com"]

[Event "Titled Tuesday Blitz April 4 Late 2023"]
[White "Hakobyan, Aram"]
[Black "Jaracz, Pawel"]
[WhiteFideId "13306677"]
[BlackFideId "1102222"]
[WhiteElo "2584"]
[BlackElo "2438"]
[Result "0-1"]
[Round "02"]
[TimeControl "180+2"]
[Date "2023.04.04"]
[WhiteClock "0:00:05"]
[BlackClock "0:00:23"]

1. d4 Nf6 2. c4 e6 3. Nc3 Bb4 4. e3 O-O 5. a3 Bxc3+ 6. bxc3 c5 7. Ne2 Nc6 8. Ng3 b6 9. e4 Ne8 10. d5 Na5 11. Bd3 d6 12. O-O Ba6 13. Qe2 Nb3 14. Rb1 Nxc1 15. Rbxc1 e5 16. f4 exf4 17. Rxf4 Nf6 18. e5 dxe5 19. Qxe5 Re8 20. Qg5 h6 21. Qh4 Nxd5 22. cxd5 Qxh4 23. Rxh4 Bxd3 24. c4 Re5 25. Rd1 Bc2 26. Rd2 Bg6 27. Rf4 Re3 28. Rf3 Rae8 29. Kf2 Re1 30. d6 Rc1 31. h4 h5 32. Ne2 Rxc4 33. Nf4 Rd8 34. Nd5 Rd4 35. Ne7+ Kh7 36. Rxd4 cxd4 37. Nf5 d3 38. Ke1 f6 39. Kd2 Bxf5 40. Rxf5 Rxd6 41. Rxh5+ Kg6 42. Rb5 f5 43. a4 a6 44. Rb4 Kf6 45. Rf4 Ke5 46. Rf1 g6 47. Rb1 Kf4 48. a5 b5 49. Rh1 Kg4 50. h5 gxh5 51. Rf1 f4 52. Rc1 Kg3 53. Rf1 h4 54. Rf3+ Kxg2 55. Rxf4 h3 56. Rg4+ Kf2 57. Rf4+ Kg3 58. Rf6 Rxf6 0-1


[Site "https://www.chess.com"]

[Event "Titled Tuesday Blitz April 4 Late 2023"]
[White "Tsvetkov, Andrey"]
[Black "Firouzja, Alireza"]
[WhiteFideId "34139360"]
[BlackFideId "12573981"]
[WhiteElo "2319"]
[BlackElo "2904"]
[Result "0-1"]
[Round "02"]
[TimeControl "180+2"]
[Date "2023.04.04"]
[WhiteClock "0:00:37"]
[BlackClock "0:02:10"]

1. d4 Nf6 2. c4 g6 3. Nc3 Bg7 4. e4 d6 5. Nf3 O-O 6. Be2 e5 7. O-O Na6 8. Be3 Qe8 9. d5 Ng4 10. Bg5 f5 11. exf5 gxf5 12. h3 Nf6 13. Qc2 Qg6 14. Be3 Nb4 15. Qb1 f4 16. Qxg6 hxg6 17. Bd2 Bf5 18. Nh4 Nc2 19. Rac1 Nd4 20. Nxf5 gxf5 21. Bd3 f3 22. Be3 fxg2 23. Kxg2 Nh5 24. Rg1 e4 25. Be2 Nxe2 26. Nxe2 f4 27. Bd4 f3+ 28. Kh1 fxe2 29. Rg5 Kf7 0-1


[Site "https://www.chess.com"]

[Event "Titled Tuesday Blitz April 4 Late 2023"]
[White "Fedoseev, Vladimir"]
[Black "Sieciechowicz, Marcin"]
[WhiteFideId "24130737"]
[BlackFideId "1130170"]
[WhiteElo "2752"]
[BlackElo "2302"]
[Result "1-0"]
[Round "02"]
[TimeControl "180+2"]
[Date "2023.04.04"]
[WhiteClock "0:00:23"]
[BlackClock "0:00:12"]

1. b4 e5 2. Bb2 Bxb4 3. Bxe5 Nf6 4. e3 d5 5. c3 Bd6 6. Bxf6 Qxf6 7. g3 O-O 8. Bg2 c6 9. d4 Bf5 10. Nd2 Nd7 11. Ne2 b5 12. a4 a6 13. e4 dxe4 14. Nxe4 Bxe4 15. Bxe4 Rae8 16. Qd3 c5 17. axb5 axb5 18. O-O cxd4 19. cxd4 Qe6 20. Nc3 b4 21. Bxh7+ Kh8 22. Bf5 Qb3 23. Bxd7 Re7 24. Ra5 g6 25. Qa6 Rxd7 26. Ne4 Be7 27. Re5 Bd8 28. Nc5 1-0


[Site "https://www.chess.com"]

[Event "Titled Tuesday Blitz April 4 Late 2023"]
[White "Danielyan, Vahe"]
[Black "Bortnyk, Olexandr"]
[WhiteFideId "13304828"]
[BlackFideId "14120828"]
[WhiteElo "2423"]
[BlackElo "2734"]
[Result "1-0"]
[Round "02"]
[TimeControl "180+2"]
[Date "2023.04.04"]
[WhiteClock "0:00:07"]
[BlackClock "0:00:01"]

1. e4 Nf6 2. d3 d5 3. Nd2 e5 4. Ngf3 Nc6 5. g3 Bc5 6. Bg2 O-O 7. O-O a5 8. a4 dxe4 9. dxe4 Qe7 10. c3 Be6 11. Re1 Rfd8 12. Qe2 h6 13. h3 Rd7 14. Nh4 Rad8 15. Nf5 Qf8 16. Nc4 Rd3 17. Nce3 g6 18. Nd5 Nxd5 19. Qxd3 Nf4 20. Qf1 Nxg2 21. Nxh6+ Kg7 22. Qxg2 f5 23. exf5 Bd5 24. Qf1 gxf5 25. Qe2 Rd6 26. Qh5 Ne7 27. Rxe5 Rg6 28. Bf4 Qf6 29. Rae1 Bd6 30. Rxe7+ Bxe7 31. Rxe7+ Kf8 32. Nxf5 Bf7 33. Bh6+ Kg8 34. Rxf7 1-0


[Site "https://www.chess.com"]

[Event "Titled Tuesday Blitz April 4 Late 2023"]
[White "Sadhwani, Raunak"]
[Black "Domingo Nunez, Ruben"]
[WhiteFideId "35093487"]
[BlackFideId "22245570"]
[WhiteElo "2631"]
[BlackElo "2404"]
[Result "1-0"]
[Round "02"]
[TimeControl "180+2"]
[Date "2023.04.04"]
[WhiteClock "0:00:10"]
[BlackClock "0:00:04"]

1. Nf3 g6 2. e4 Bg7 3. d4 c6 4. Nc3 d5 5. h3 dxe4 6. Nxe4 Nf6 7. Nxf6+ exf6 8. Bc4 O-O 9. O-O a5 10. a4 Na6 11. c3 Nc7 12. Re1 Nd5 13. Bd2 Be6 14. Bd3 Re8 15. Qc2 Qd6 16. Bf1 Bf5 17. Qb3 Qc7 18. Rxe8+ Rxe8 19. Re1 Rxe1 20. Nxe1 Be6 21. Qc2 Bf5 22. Bd3 Bxd3 23. Nxd3 Bf8 24. Qd1 Qb6 25. Qc2 Qd8 26. Qb3 Qe7 27. Qd1 Qe4 28. Bc1 Kg7 29. Kf1 Bd6 30. Qe2 Qf5 31. Bd2 Nb6 32. b3 Qd5 33. Qd1 Qf5 34. Qf3 Qe6 35. c4 Nxc4 36. bxc4 Qxc4 37. Bxa5 Qxa4 38. Bc3 Qc4 39. Bb2 b5 40. d5 Be5 41. Bxe5 fxe5 42. dxc6 e4 43. Qf4 Qxd3+ 44. Kg1 Qd1+ 45. Kh2 Qc2 46. Qe5+ f6 47. Qe7+ Kh6 48. c7 Kg5 49. Qd7 Qxf2 50. Qg4+ Kh6 51. c8=Q f5 52. Qf8# 1-0


[Site "https://www.chess.com"]

[Event "Titled Tuesday Blitz April 4 Late 2023"]
[White "Martins, Bruno Andre Leite"]
[Black "Svane, Rasmus"]
[WhiteFideId "1942255"]
[BlackFideId "4657101"]
[WhiteElo "2240"]
[BlackElo "2597"]
[Result "0-1"]
[Round "02"]
[TimeControl "180+2"]
[Date "2023.04.04"]
[WhiteClock "0:00:02"]
[BlackClock "0:01:10"]

1. e4 c6 2. Nf3 d5 3. d3 dxe4 4. dxe4 Qxd1+ 5. Kxd1 Nf6 6. Nfd2 h5 7. h4 Ng4 8. Ke2 e5 9. f3 Nh6 10. a4 Be6 11. Nc3 Nd7 12. g3 Bb4 13. Bh3 Bxh3 14. Rxh3 f6 15. Nc4 Nb6 16. Bxh6 Rxh6 17. Nxb6 axb6 18. Nd1 b5 19. c3 Bc5 20. b4 Bb6 21. a5 Rh8 22. Nb2 Ke7 23. Nd3 Bc7 24. Rhh1 b6 25. axb6 Bxb6 26. f4 Ke6 27. Rhf1 Rhd8 28. Rfd1 g6 29. fxe5 fxe5 30. Rf1 Rdc8 31. Rfb1 Rf8 32. Rd1 Rg8 33. Rxa8 Rxa8 34. Nc5+ Bxc5 35. bxc5 Ra2+ 36. Ke3 Rg2 37. Rd6+ Kf7 38. Kf3 Rc2 39. Rxc6 Rxc3+ 40. Kf2 b4 41. Rb6 b3 42. c6 Ke7 43. Rb7+ Kd6 44. c7 Kd7 45. Ke2 Kc8 46. Rb5 Kxc7 47. Rxe5 Kb6 48. Re6+ Rc6 49. Re8 Kb7 50. Rf8 b2 51. Rf1 Rc1 0-1


[Site "https://www.chess.com"]

[Event "Titled Tuesday Blitz April 4 Late 2023"]
[White "Sargsyan, Shant"]
[Black "EREBUNI91"]
[WhiteFideId "13306766"]
[WhiteElo "2628"]
[BlackElo "2640"]
[Result "1/2-1/2"]
[Round "02"]
[TimeControl "180+2"]
[Date "2023.04.04"]
[WhiteClock "0:00:17"]
[BlackClock "0:00:08"]

1. c4 e6 2. g3 d5 3. Bg2 Nf6 4. Nf3 Be7 5. O-O O-O 6. b3 c6 7. Bb2 b6 8. d3 Bb7 9. Nbd2 Nbd7 10. e4 c5 11. exd5 exd5 12. Nh4 Re8 13. Nf5 Bf8 14. Ne3 Ne5 15. Bxe5 Rxe5 16. cxd5 Nxd5 17. Ndc4 Re7 18. Nf5 Rd7 19. Ne5 Rc7 20. Re1 g6 21. Nh4 Bg7 22. Rc1 Nb4 23. Bxb7 Rxb7 24. Qf3 Re7 25. Nc6 Nxc6 26. Qxc6 Rxe1+ 27. Rxe1 Rc8 28. Qb7 Rc7 29. Qe4 Rd7 30. Qc6 Re7 31. Rxe7 Qxe7 32. Nf3 h6 33. Kg2 Bf8 34. h4 Kg7 35. h5 Qd6 36. Qe4 Qe6 37. Qxe6 fxe6 38. hxg6 Kxg6 39. Ne5+ Kf5 40. Nc6 a5 41. f4 Bd6 42. Kf3 h5 43. Na7 e5 44. Nb5 Bb8 45. fxe5 Bxe5 46. Na3 Bd6 47. Nc4 Bc7 48. a4 Kg5 49. Ne3 Bd8 50. Ng2 Kf5 51. Nf4 h4 52. gxh4 Bxh4 53. Nd5 Bd8 54. Nc3 Ke5 55. Nb5 Bg5 56. Ke2 Bd8 57. Kd2 Kd5 58. Kc3 Bf6+ 59. Kc2 Bd8 60. Kd2 Bg5+ 61. Ke2 Bd8 62. Kf3 Ke5 63. Kg4 Be7 64. Kg3 Bd8 65. Kf3 Be7 66. Ke3 Bd8 67. Kd2 Bf6 68. Kc2 Kd5 69. Na3 Bd8 70. Nc4 Kd4 71. Nd6 Kd5 72. Ne4 Bc7 73. Nc3+ Kc6 74. Nb5 Bd8 75. Kc3 Kd5 76. Kb2 Bf6+ 77. Kb1 Bd8 78. Ka2 Bf6 79. Kb1 Bd8 80. Na3 Kd4 81. Kc2 Kd5 82. Nb1 Bf6 83. Nd2 Bd8 84. Nc4 Bc7 85. Kd2 Bd8 86. Ne3+ Kd4 87. Nc2+ Kd5 88. Ke2 Ke5 89. Kf3 Be7 90. Kf2 Bd8 91. Ke2 Bc7 92. Kd2 Bd8 93. Kc3 Kd5 94. Ne3+ Kc6 95. Kc4 Bf6 96. Ng4 Ba1 97. Nh6 Bb2 98. Nf5 Bf6 99. Ne3 Bd4 100. Nd5 Bb2 101. Ne7+ Kd7 102. Ng6 Kc6 1/2-1/2


[Site "https://www.chess.com"]

[Event "Titled Tuesday Blitz April 4 Late 2023"]
[White "Sokolovsky, Yahli"]
[Black "Maghsoodloo, Parham"]
[WhiteFideId "2820242"]
[BlackFideId "12539929"]
[WhiteElo "2316"]
[BlackElo "2647"]
[Result "0-1"]
[Round "02"]
[TimeControl "180+2"]
[Date "2023.04.04"]
[WhiteClock "0:00:04"]
[BlackClock "0:00:47"]

1. b3 d5 2. Bb2 c6 3. e3 Bf5 4. Nf3 h6 5. d4 Nd7 6. Bd3 Bxd3 7. Qxd3 Ngf6 8. Nbd2 e6 9. O-O Bd6 10. Ne5 Qe7 11. f4 a5 12. c4 O-O 13. c5 Bxe5 14. fxe5 Nh7 15. e4 Ng5 16. exd5 exd5 17. Rae1 Rae8 18. Bc1 f6 19. h4 Ne6 20. exf6 Nxf6 21. Qg6 Qf7 22. Qxf7+ Rxf7 23. Bb2 Rfe7 24. Bc3 a4 25. bxa4 Nc7 26. Rxe7 Rxe7 27. Rb1 Ne6 28. g3 g6 29. a5 Ng7 30. Nf1 Nf5 31. Re1 Rxe1 32. Bxe1 Nxd4 33. Ne3 Nf3+ 34. Kf2 Nxe1 35. Kxe1 Nd7 36. a6 bxa6 37. Nc2 Nxc5 38. Nb4 Kf7 39. Nxc6 Ke6 40. Ke2 Kd6 41. Nd4 Ne4 42. Kf3 Nc3 43. a3 Nb5 44. Nc2 a5 45. a4 Nc3 46. Nd4 Kc5 47. Ne6+ Kc4 48. Nf8 g5 49. hxg5 hxg5 50. Ne6 Nxa4 51. Nxg5 Nc5 52. Nf7 a4 53. g4 a3 54. g5 a2 55. g6 a1=Q 0-1


[Site "https://www.chess.com"]

[Event "Titled Tuesday Blitz April 4 Late 2023"]
[White "Vidit, Santosh Gujrathi"]
[Black "Gegenfurtner, Juergen"]
[WhiteFideId "5029465"]
[BlackFideId "24632147"]
[WhiteElo "2651"]
[BlackElo "2398"]
[Result "1-0"]
[Round "02"]
[TimeControl "180+2"]
[Date "2023.04.04"]
[WhiteClock "0:00:31"]
[BlackClock "0:00:24"]

1. c4 e6 2. Nc3 d5 3. d4 Nf6 4. cxd5 exd5 5. Bg5 Nbd7 6. e3 c6 7. Bd3 Be7 8. Nge2 O-O 9. O-O Re8 10. a4 Ne4 11. Bf4 Ndf6 12. f3 Nxc3 13. bxc3 Nh5 14. Be5 f6 15. Bg3 Nxg3 16. Nxg3 Bd6 17. Re1 Qc7 18. Qc2 g6 19. Nf1 c5 20. Qf2 Be6 21. f4 Bf7 22. h4 Rac8 23. h5 Kg7 24. Qh4 Be7 25. Qg4 f5 26. Bxf5 Rcd8 27. Nh2 Bf6 28. Nf3 Qe7 29. Ne5 Bxe5 30. fxe5 Kh6 31. hxg6 hxg6 32. Bd3 Rh8 33. Rf1 Kg7 34. Rf6 Rh6 35. Raf1 Be8 36. Qg5 Rd7 37. e6 Rc7 38. Qe5 Kh7 39. Rf8 Qg7 40. Qxg7+ Kxg7 41. Rxe8 1-0


[Site "https://www.chess.com"]

[Event "Titled Tuesday Blitz April 4 Late 2023"]
[White "Mihajlov, Sebastian"]
[Black "Bluebaum, Matthias"]
[WhiteFideId "1512110"]
[BlackFideId "24651516"]
[WhiteElo "2478"]
[BlackElo "2638"]
[Result "0-1"]
[Round "02"]
[TimeControl "180+2"]
[Date "2023.04.04"]
[WhiteClock "0:00:08"]
[BlackClock "0:00:10"]

1. e4 e6 2. d4 d5 3. Nc3 Nf6 4. Bg5 dxe4 5. Nxe4 Be7 6. Nxf6+ Bxf6 7. Bxf6 Qxf6 8. Nf3 O-O 9. Qd3 Bd7 10. Qe3 Nc6 11. O-O-O Nb4 12. Ne5 Bc6 13. a3 Nd5 14. Qd2 Rfd8 15. g3 Ne7 16. Rg1 Nf5 17. Qf4 g5 18. Ng4 Qg7 19. Qe5 Qxe5 20. dxe5 Rxd1+ 21. Kxd1 Bf3+ 22. Be2 Rd8+ 23. Ke1 Bxe2 24. Kxe2 Nd4+ 25. Ke3 Nxc2+ 26. Kf3 Kg7 27. Nf6 Kg6 28. Rc1 Nd4+ 29. Ke4 Nc6 30. f4 Rd4+ 31. Ke3 Rd8 32. b4 a6 33. Ne4 h6 34. Nc5 Rb8 35. Nd7 Ra8 36. Nc5 Ra7 37. Rd1 b6 38. Ne4 Ne7 39. Rd7 Nd5+ 40. Kf3 b5 41. Rd8 a5 42. fxg5 hxg5 43. Rg8+ Kh7 44. Rxg5 axb4 45. axb4 Ra3+ 46. Kg4 Ra4 47. Kh5 Ra8 48. Nf6+ Kh8 49. Kh6 Nxf6 50. exf6 Rg8 51. Rxb5 Rg6+ 52. Kh5 Rxf6 53. Rc5 Kg7 54. Rxc7 Rh6+ 55. Kg4 Rxh2 56. Rb7 Rb2 57. b5 Rb4+ 58. Kf3 Kf6 59. b6 Rb3+ 60. Kf2 Kg6 61. Rb8 Kf5 62. b7 f6 63. g4+ Ke5 64. Ke2 Rb4 65. Ke3 Rb3+ 66. Ke2 Rb6 67. Ke3 Rb1 68. Ke2 Kf4 69. Rf8 Rxb7 70. Rxf6+ Ke5 71. Rf1 Ke4 72. g5 Rb2+ 73. Kd1 Rb1+ 74. Ke2 Rb2+ 75. Kd1 Rg2 76. Re1+ Kd5 77. Re3 Rxg5 78. Ke1 Rg2 79. Ra3 Ke4 80. Kf1 Rd2 81. Ke1 Rd3 82. Ra6 e5 83. Ke2 Re3+ 84. Kf2 Rd3 85. Ke2 Rd4 86. Ke1 Rb4 87. Ke2 Rb2+ 88. Ke1 Kf4 89. Ra3 Rc2 90. Kf1 Rd2 91. Ke1 Rh2 92. Kf1 Ke4 93. Ke1 Rg2 94. Kf1 Rd2 95. Ke1 Rd3 96. Ra4+ Ke3 97. Ra2 Rb3 98. Re2+ Kf4 99. Ra2 Kf3 100. Rh2 Rb1+ 0-1


[Site "https://www.chess.com"]

[Event "Titled Tuesday Blitz April 4 Late 2023"]
[White "Perske, Thore"]
[Black "Kramnik, Vladimir"]
[WhiteFideId "12902195"]
[BlackFideId "4101588"]
[WhiteElo "2336"]
[BlackElo "2712"]
[Result "1-0"]
[Round "02"]
[TimeControl "180+2"]
[Date "2023.04.04"]
[WhiteClock "0:00:22"]
[BlackClock "0:00:07"]

1. d4 Nf6 2. g3 d5 3. Bg2 c6 4. Nf3 Bf5 5. c4 e6 6. Nc3 h6 7. Qb3 Qb6 8. c5 Qa6 9. Bf1 b5 10. e3 Qc8 11. a4 b4 12. Qxb4 Be7 13. Bg2 O-O 14. O-O a5 15. Qa3 Na6 16. Bd2 Nb4 17. Ne1 Rb8 18. Na2 Nxa2 19. Qxa2 Qa6 20. Bc3 Ne4 21. Nf3 f6 22. Rfc1 g5 23. Nd2 Nxd2 24. Bxd2 Bd3 25. Bf1 Bxf1 26. Rxf1 f5 27. Qa3 Bf6 28. Qc3 Ra8 29. Rfb1 Qe2 30. b4 axb4 31. Rxb4 Ra7 32. a5 h5 33. Rb6 Rc8 34. Qc1 h4 35. Qd1 Qxd1+ 36. Rxd1 e5 37. Bc3 exd4 38. exd4 Bd8 39. Rb3 Bxa5 40. Ra3 Rca8 41. Rda1 Bxc3 42. Rxa7 Re8 43. Ra8 Rxa8 44. Rxa8+ Kf7 45. Rc8 Bxd4 46. Rxc6 h3 47. Rd6 Bxc5 48. Rxd5 Bb6 49. Rxf5+ Kg6 50. Rb5 Bd4 51. Kf1 Kf6 52. g4 Kg6 53. Ke2 Ba7 54. Kf3 Bd4 55. Rf5 Bb6 56. Kg3 Bc7+ 57. Kxh3 Bd6 58. Kg2 Bc7 59. h3 Bd6 60. Kf3 Bc7 61. Ke4 Bb6 62. f4 1-0


[Site "https://www.chess.com"]